 Dungeon Crawl Stone Soup version 0.30-b1-2-g02819fbbbe (webtiles) character file.

Game seed: 14650961638820418001

8481 Metae the Blocker (level 11, -4/97 HPs)
             Began as a Minotaur Fighter on July 2, 2023.
             Was a Follower of Uskayaw.
             Succumbed to a black mamba's poison
             ... on level 1 of the Lair of Beasts.
             The game lasted 00:34:31 (10212 turns).

Metae the Blocker (Minotaur Fighter)               Turns: 10212, Time: 00:34:36

Health: -4/97      AC: 14    Str: 25    XL:     11   Next: 10%
Magic:  14/14      EV:  8    Int:  5    God:    Uskayaw [*.....]
Gold:   660        SH: 12    Dex: 10    Spells: 10/10 levels left

rFire   . . .        x - +1 war axe (venom)
rCold   . . .        D - +2 kite shield
rNeg    . . .        L - +0 plate armour
rPois   .            (helmet restricted)
rElec   .            (no cloak)
rCorr   .            (no gloves)
SInv    +            (no boots)
Will    +....        (no amulet) Stlth
                     H - ring of willpower
HPRegen 0.36/turn    I - ring of see invisible
MPRegen 0.14/turn

%: no passive effects
@: lethally poisoned (-4 -> -60)
A: horns 2, retaliatory headbutt
a: Renounce Religion, Stomp


You were on level 1 of the Lair of Beasts.
You worshipped Uskayaw.
Uskayaw was noncommittal.
You visited 3 branches of the dungeon, and saw 11 of its levels.
You also visited: Sewer and Ossuary.

You collected 686 gold pieces.
You spent 26 gold pieces at shops.

Inventory:

Hand Weapons
 x - a +1 war axe of venom (weapon)
 F - the +11 flail "Fiuwueso" {flame, *Rage Dex+6}
   (You found it on level 6 of the Dungeon)

   Dex:       It affects your dexterity (+6).
   *Rage:     It berserks you when you make melee attacks (+20% chance).
Missiles
 K - 12 poisoned darts (quivered)
 M - a throwing net
Armour
 D - a +2 kite shield (worn)
 L - a +0 plate armour (worn)
Jewellery
 q - the ring "Asyadgh" {rPois rF+ Will++ EV+5 Int-5}
   (You found it on level 2 of the Dungeon)

   [ring of evasion]

   EV:        It affects your evasion (+5).
   Int:       It affects your intelligence (-5).
   rF:        It protects you from fire.
   rPois:     It protects you from poison.
   Will:      It greatly increases your willpower.
 H - a ring of willpower (left hand)
 I - a ring of see invisible (right hand)
Wands
 g - a wand of mindburst (8)
 s - a wand of paralysis (7)
 E - a wand of iceblast (25)
Scrolls
 b - 6 scrolls of enchant weapon
 e - 2 scrolls of fear
 f - 2 scrolls of amnesia
 i - 2 scrolls of blinking
 j - 2 scrolls of poison
 m - a scroll of fog {unknown}
 n - 3 scrolls of enchant armour
 o - 8 scrolls of teleportation
 p - a scroll of acquirement {unknown}
 u - a scroll of magic mapping
 y - a scroll of silence
 B - 2 scrolls of vulnerability {unknown}
Potions
 c - 2 potions of cancellation {unknown}
 d - 4 potions of might
 h - 3 potions of brilliance {unknown}
 k - 3 potions of resistance {unknown}
 l - 6 potions of heal wounds
 r - 2 potions of ambrosia {unknown}
 t - 2 potions of flight {unknown}
 v - 2 potions of curing {unknown}
 w - a potion of invisibility {unknown}
 z - a potion of degeneration {unknown}
 A - 4 potions of haste
 C - a potion of magic {unknown}
 G - a potion of lignification {unknown}
 J - a potion of berserk rage {unknown}


   Skills:
 + Level 9.4 Fighting
 + Level 9.0 Axes
 + Level 9.3 Armour
 + Level 7.7 Dodging
 + Level 9.4 Shields
 + Level 6.4 Invocations


You had 10 spell levels left.
You didn't know any spells.
Your spell library contained the following spells:

 Spells                   Type           Power      Damage    Failure   Level
 Slow                     Hex            0%         N/A       100%        1
 Summon Small Mammal      Summ           0%         N/A       100%        1
 Ensorcelled Hibernation  Hex/Ice        0%         N/A       100%        2
 Call Canine Familiar     Summ           0%         N/A       100%        3
 Confusing Touch          Hex            0%         N/A       100%        3
 Spider Form              Tmut/Pois      0%         N/A       100%        3
 Summon Guardian Golem    Hex/Summ       0%         N/A       100%        3
 Vampiric Draining        Necr           0%         2d6       100%        3
 Anguish                  Hex/Necr       0%         N/A       100%        4
 Animate Armour           Summ/Erth      0%         N/A       100%        4
 Blade Hands              Tmut           0%         N/A       100%        5
 Iron Shot                Conj/Erth      0%         9d1       100%        6
 Enfeeble                 Hex            0%         N/A       100%        7
 Borgnjor's Revivificati  Necr           0%         N/A       100%        8
 Necromutation            Tmut/Necr      0%         N/A       100%        8
 Death's Door             Necr           0%         N/A       100%        9


Dungeon Overview and Level Annotations

Branches:
Dungeon (9/15)             Temple (1/1) D:4            Lair (1/5) D:9
  Sewer (visited)         Ossuary (visited)
    Orc: D:9-12

Altars:
Ashenzari
Cheibriados
Elyvilon
Fedhas
Hepliaklqana
Kikubaaqudgha
Makhleb
Nemelex Xobeh
Okawaru
Qazlal
Ru
Sif Muna
Trog
Uskayaw
Vehumet
Wu Jian
Xom
Zin
The Shining One

Shops:
D:1 ?[   D:2 =   D:4 :


Innate Abilities, Weirdness & Mutations

You have a pair of horns on your head.
You reflexively headbutt those who attack you in melee.


Message History

The water moccasin attacks as you move away!
The water moccasin bites you but does no damage.
The sentinel's mark upon you fades away.
You block the black mamba's attack.
The black mamba bites you but does no damage.
The water moccasin bites you but does no damage.
The black mamba attacks as you move away!
You block the black mamba's attack.
The bullfrog hits the fungus.
The water moccasin attacks as you move away!
You block the water moccasin's attack. The black mamba bites you!
You are poisoned.
The black mamba poisons you!
The yak gores the fungus!
You feel very sick.
A nearby fungus withers and dies. x2; You block the black mamba's attack.
You block the water moccasin's attack.
The water moccasin attacks as you move away!
You block the water moccasin's attack.
You feel very sick. You block the black mamba's attack.
You feel sick.
The black mamba bites you but does no damage.
The water moccasin bites you but does no damage.
The black mamba attacks as you move away!
You block the black mamba's attack.
The water moccasin attacks as you move away!
The water moccasin bites you but does no damage.
You feel sick. The black mamba barely misses you.
The cane toad attacks as you move away! The cane toad stings you.
* * * LOW HITPOINT WARNING * * *
You are lethally poisoned!
The cane toad poisons you!
The black mamba attacks as you move away!
The black mamba bites you!
* * * LOW HITPOINT WARNING * * *
You are more poisoned.
The black mamba poisons you!
The water moccasin attacks as you move away!
The water moccasin bites you.
* * * LOW HITPOINT WARNING * * *
You die...

#.##.......##...# #...Y#
#.##.......##...# #.....
#..##########...### ###....#
#.##.#######....#.####..Y...#
#..>................Y........
#............รท.....h.........
#.............S.YY..Y........
#.............S..............
##....###.##.@.SF.............
#...........#..F..#..#P###....
##..........#......#.#####....
#..#.......#......#....#.....
##........<.#.....##....#.....
#P..#.......+...........##....
##..#.......#.....##..........
#.................#.)####.....
##..#.......#.....###..###....


You could see a black mamba, 2 yaks, a cane toad, 2 water moccasins, a black
bear and a bullfrog.

Vanquished Creatures
  A cyclops (D:9)
  4 elephants (Lair:1)
  2 cane toads (Lair:1)
  A komodo dragon (Lair:1)
  11 yaks
  A wyvern (D:8)
  A steam dragon (D:9)
  Grum (D:9)
  4 water moccasins
  An orc warrior (D:9)
  3 black bears
  An ice beast (D:8)
  9 wolves
  A centaur (D:9)
  2 kobold brigands
  2 phantoms (D:7)
  6 bullfrogs
  A gnoll sergeant (D:9)
  A scorpion (D:5)
  3 wights (D:9)
  5 killer bees (D:8)
  6 electric eels (D:9)
  3 howler monkeys
  2 centaur zombies (Ossuary)
  A crimson imp (D:7)
  3 hounds
  4 jellies
  2 orc priests
  2 iguanas (D:4)
  An orc wizard (D:7)
  3 mummies
  Robin (D:3)
  3 adders
  9 gnolls
  2 river rats (Sewer)
  2 white imps
  7 worms
  4 dart slugs
  15 orcs
  6 ball pythons
  11 endoplasms
  3 giant cockroaches
  2 gnoll zombies (Ossuary)
  22 goblins
  11 hobgoblins
  12 jackals
  5 quokkas
  6 bats
  5 frilled lizards
  3 goblin zombies
  3 hobgoblin zombies (Ossuary)
  15 kobolds
  A kobold zombie (D:4)
  5 orc zombies (Ossuary)
  6 rats
247 creatures vanquished.

Vanquished Creatures (others)
  A human (D:5)
  2 kobolds (D:9)
  6 fungi
  16 plants
25 creatures vanquished.

Grand Total: 272 creatures vanquished

Notes
Turn   | Place    | Note
-------+----------+-------------------------------------------
     0 | D:1      | Metae the Minotaur Fighter began the quest for the Orb.
     0 | D:1      | Reached XP level 1. HP: 19/19 MP: 0/0
   216 | D:1      | Reached XP level 2. HP: 27/27 MP: 1/1
   560 | D:1      | Found Lefa Sipt's Magic Scroll Shop.
   621 | D:1      | Reached skill level 1 in Dodging
   756 | D:1      | Found Penk's Antique Armour Boutique.
   928 | D:2      | Reached XP level 3. HP: 30/33 MP: 2/2
   934 | D:2      | Found Wephawnu's Jewellery Boutique.
  1336 | D:1      | Bought a scroll of identify for 26 gold pieces
  1395 | D:2      | Identified the ring "Asyadgh" {rPois rF+ Will++ EV+5 Int-5}
  1404 | D:2      | Lost intelligence.
  1667 | D:3      | Reached XP level 4. HP: 38/40 MP: 3/3
  1741 | D:3      | Reached XP level 5. HP: 29/47 MP: 4/4
  2034 | D:3      | Noticed Robin
  2038 | D:3      | Killed Robin
  2685 | D:4      | Reached XP level 6. HP: 47/55 MP: 5/5
  2685 | D:4      | Found a sand-covered staircase.
  2692 | D:4      | Reached skill level 5 in Shields
  2732 | Ossuary  | Entered an ossuary
  2792 | Ossuary  | Reached skill level 5 in Fighting
  2792 | Ossuary  | Reached skill level 5 in Armour
  2917 | D:4      | Found a staircase to the Ecumenical Temple.
  2952 | Temple   | Entered the Ecumenical Temple
  2962 | Temple   | Became a worshipper of Uskayaw the Reveller
  3004 | D:4      | Found Cefroulat's Vocational Training.
  3156 | D:4      | Reached * piety under Uskayaw
  3427 | D:5      | Entered Level 5 of the Dungeon
  3447 | D:5      | Found an ancient bone altar of Kikubaaqudgha.
  3452 | D:5      | Noticed a human
  3453 | D:5      | Killed a human
  3808 | D:5      | Reached XP level 7. HP: 61/61 MP: 6/6
  3944 | D:5      | Reached ** piety under Uskayaw
  3949 | D:5      | Reached *** piety under Uskayaw
  3952 | D:5      | Reached skill level 1 in Invocations
  4011 | D:5      | Found a glowing drain.
  4017 | Sewer    | Entered a sewer
  4147 | Sewer    | Found a viscous altar of Jiyva.
  4316 | D:5      | Found an ornate altar of the Wu Jian Council.
  4436 | D:6      | Found a radiant altar of Vehumet.
  4442 | D:6      | Found a sparkling altar of Nemelex Xobeh.
  4503 | D:6      | Reached skill level 5 in Axes
  4619 | D:6      | Found a sacrificial altar of Ru.
  4628 | D:6      | Identified the +11 flail "Fiuwueso" {flame, *Rage Dex+6}
  4714 | D:6      | Found a stormy altar of Qazlal.
  4724 | D:6      | Reached XP level 8. HP: 63/70 MP: 8/8
  5092 | D:6      | Found a burning altar of Makhleb.
  6022 | D:7      | Found a broken altar of Ashenzari.
  6023 | D:7      | Found a white marble altar of Elyvilon.
  6024 | D:7      | Found a shimmering blue altar of Sif Muna.
  6275 | D:8      | Reached skill level 5 in Dodging
  6278 | D:8      | Reached **** piety under Uskayaw
  6281 | D:8      | Reached ***** piety under Uskayaw
  6282 | D:8      | Reached XP level 9. HP: 44/79 MP: 10/10
  6291 | D:8      | Reached ****** piety under Uskayaw
  6538 | D:8      | Found an iron altar of Okawaru.
  6628 | D:8      | Identified the +5 dagger of Micuited {vamp, rElec rN+}
  7072 | D:9      | Found a staircase to the Lair.
  7366 | D:9      | Noticed Grum
  7377 | D:9      | Reached XP level 10. HP: 53/88 MP: 12/12
  7378 | D:9      | Reached skill level 5 in Invocations
  7382 | D:9      | Killed Grum
  8323 | D:9      | Noticed a cyclops
  8473 | D:9      | Killed a cyclops
  8656 | D:9      | Found a hazy altar of Hepliaklqana.
  8708 | D:9      | Found a snail-covered altar of Cheibriados.
  9670 | Lair:1   | Entered Level 1 of the Lair of Beasts
  9759 | Lair:1   | Noticed an elephant
  9760 | Lair:1   | Noticed an elephant
  9760 | Lair:1   | Noticed an elephant
  9762 | Lair:1   | Noticed an elephant
  9775 | Lair:1   | Killed an elephant
  9777 | Lair:1   | Killed an elephant
  9780 | Lair:1   | Killed an elephant
  9783 | Lair:1   | Killed an elephant
 10170 | Lair:1   | Noticed a cane toad
 10172 | Lair:1   | Noticed a cane toad
 10181 | Lair:1   | Killed a cane toad
 10182 | Lair:1   | Reached XP level 11. HP: 54/97 MP: 14/14
 10212 | Lair:1   | Succumbed to a black mamba's poison

Illustrated notes

Levels and vault maps discovered:
D:1:      saegor_arrival_under_anarchy, layout_loops_corners, serial_shops,
          nicolae_shop_trees, nicolae_shop_real_fake_doors
D:2:      layout_rooms, serial_shops, shop, minmay_bisected
D:3:      layout_basic, hex_tiny, fountainhead, st_stairs_13, interstate_on_off,
          grunt_decor_mini_mirrors, minmay_checkerbox, uniq_robin
D:4:      layout_cave_pools, minmay_temple_entry_arrows,
          nicolae_ossuary_entry_giza, nicolae_shop_vocational
D:5:      layout_rooms, tgw_kikubaaqudgha, pdpol_wu_jian_five_deadly_venoms,
          portal_sewer_entry_e
D:6:      layout_loops_ring, mainiacjoe_overflow_catwalk,
          mainiacjoe_overflow_concentric_impassable,
          mainiacjoe_overflow_brackets, mainiacjoe_overflow_large_starburst,
          serial_rivers, chequers_serial_rivers_large_b,
          chequers_serial_rivers_large_a, chequers_serial_rivers_micro_b,
          chequers_serial_rivers_small_a, chequers_serial_rivers_micro_c,
          chequers_serial_rivers_micro_d
D:7:      layout_basic, chequers_temple_overflow_statue_of_worship,
          minmay_fire_ice_demons
D:8:      layout_basic, old_standard_altar
D:9:      layout_basic, slow_altar_1, nicolae_hepliaklqana_hazy_memory,
          dpeg_oklobed_lair, uniq_grum
Temple:   nicolae_temple_two_arcs
Lair:1:   layout_regular_city, uniq_erica

Skill      XL: |  1  2  3  4  5  6  7  8  9 10 11 |
---------------+----------------------------------+-----
Dodging        | 1 2 3 4 5 6 7 |  7.7
Shields        | 4 5 6 7 8 9 |  9.4
Fighting       | 4 5 6 7 8 9 |  9.4
Armour         | 4 5 6 8 9 |  9.3
Axes           | 3 4 5 6 7 8 9 |  9.0
Invocations    | 2 3 4 6 |  6.4

Action                     |  1- 3 |  4- 6 |  7- 9 | 10-12 || total
---------------------------+-------+-------+-------+-------++-------
  Melee: War axe           |   103 |   148 |   161 |    97 ||   509
         Headbutt          |    13 |    21 |    42 |    14 ||    90
  Evoke: Wand              |       |       |       |     5 ||     5
    Use: Scroll            |     1 |     5 |     3 |     2 ||    11
   Stab: Paralysed         |       |       |    10 |    23 ||    33
 Armour: Scale mail        |    10 |       |       |       ||    10
         Chain mail        |    51 |   118 |    59 |       ||   228
         Plate armour      |       |       |    31 |    85 ||   116
  Dodge: Dodged            |    46 |    74 |    57 |    52 ||   229
  Block: Buckler           |    23 |    46 |     5 |       ||    74
         Kite shield       |       |       |    81 |   101 ||   182
